 Dungeon Sprint DCSS version 0.23.2-33-g5129a83184 (webtiles) character file.

Game seed: 15264374303012279411

25 t4s4d4r the Stinger (level 3, -1/24 HPs)
             Began as a Formicid Venom Mage on July 26, 2019.
             Slain by an ogre
             ... wielding a +0 giant club
              (25 damage)
             ... in the Dungeon (Sprint I: "Red Sonja").
             The game lasted 00:01:11 (291 turns).

t4s4d4r the Stinger (Formicid Venom Mage)            Turns: 291, Time: 00:01:11

Health: -1/24      AC:  3    Str: 12    XL:     3   Next: 17%
Magic:  4/8        EV: 11    Int: 15    God:
Gold:   54         SH:  0    Dex: 11    Spells: 3/9 levels left

rFire    . . .     SeeInvis +   (no weapon)
rCold    . . .     Gourm    .   (no shield)
rNeg     . . .     Faith    .   k - +0 leather armour
rPois    .         Spirit   .   (helmet unavailable)
rElec    .         Reflect  .   (no cloak)
rCorr    .         Harm     .   (no gloves)
MR       .....                  (no boots)
Stlth    ++........             (no amulet)
HPRegen  0.08/turn              (no ring)
MPRegen  0.11/turn              (no ring)

@: no status effects
A: permanent stasis, dig shafts and tunnels, four strong arms, antennae 3
a: Dig


You were in the Dungeon.
You were not hungry.

You visited 1 branch You collected 54 gold pieces.

Inventory:

Armour
 k - a +0 leather armour (worn)
Wands
 b - a wand of random effects (13)
Scrolls
 i - a scroll of blinking
Potions
 d - a potion of curing
 e - a potion of heal wounds
 f - a potion of haste
 g - 2 potions of magic
 h - a potion of berserk rage
Comestibles
 c - a ration


   Skills:
 - Level 1.7 Dodging
 - Level 2.4 Stealth
 + Level 3.9 Spellcasting
 - Level 3.0 Conjurations
 * Level 0.0 Air Magic
 + Level 5.9 Poison Magic


You had 3 spell levels left.
You knew the following spells:

 Your Spells              Type           Power        Failure   Level  Hunger
a - Sting                 Conj/Pois      ###.         3%          1    None
b - Poisonous Vapours     Pois/Air       ##....       11%         2    ##.....
c - Mephitic Cloud        Conj/Pois/Air  ##......     21%         3    ###....

Your spell library contained the following spells:

 Spells                   Type           Power        Failure   Level  Hunger
 Olgreb's Toxic Radiance  Pois           ###.....     21%         4    ####...
 Venom Bolt               Conj/Pois      ###.......   71%         5    ######.


Dungeon Overview and Level Annotations

Branches:
Dungeon (1/1)

Altars:


Innate Abilities, Weirdness & Mutations

You cannot be hasted, slowed, berserked, paralysed or teleported.
You can dig through walls and to a lower floor.
Your four strong arms can wield two-handed weapons with a shield.
You have a pair of large antennae on your head. (SInv)


Message History

The sting hits the ogre.
The ogre is lightly wounded.
The ogre shouts!
Casting: Sting (safe; 3% risk of failure)
Confirm with . or Enter, or press ? or * to list all spells.
Aiming: Poisonous Vapours (safe; 11% risk of failure)
Press: ? - help, Dir - move target cursor, f/p - ogre
Aim: an ogre, wielding a +0 giant club (lightly wounded) Poisonous vapours surround the ogre!
The ogre is engulfed in poison gas.
The ogre is poisoned.
Casting: Poisonous Vapours (safe; 11% risk of failure)
Confirm with . or Enter, or press ? or * to list all spells.
Aiming: Sting (safe; 3% risk of failure)
Press: ? - help, Shift-Dir - straight line, f/p - ogre
Aim: an ogre, wielding a +0 giant club (lightly wounded, poisoned)
The sting hits the ogre.
The ogre looks even sicker.
The ogre is moderately wounded.
The ogre hits you with a +0 giant club!!
Ouch! That really hurt!
You die...

##########
#<.#.@O..#
{
#.[').#..+
#..#### +#
#..# #..#
#..# #⌠⌠#
{ ##.#
#..#


You could see an ogre.

Vanquished Creatures
  Ijyb (D)
1 creature vanquished.

Notes
Turn   | Place    | Note
-------+----------+-------------------------------------------
     0 | D        | t4s4d4r the Formicid Venom Mage began the quest for the
                  | Orb.
     0 | D        | Reached XP level 1. HP: 13/13 MP: 3/3
     2 | D        | Noticed Ijyb
    50 | D        | Killed Ijyb
    50 | D        | Reached skill level 5 in Poison Magic
    50 | D        | Reached XP level 2. HP: 7/19 MP: 0/6
    50 | D        | Reached XP level 3. HP: 9/24 MP: 0/8
   269 | D        | Noticed an ogre
   278 | D        | Learned a level 2 spell: Poisonous Vapours
   282 | D        | Learned a level 3 spell: Mephitic Cloud
   291 | D        | Slain by an ogre

Skill      XL: |  1 |
---------------+----+-----
Spellcasting   | 3 |  3.9
Conjurations   | 3 |  3.0
Poison Magic   | 5 |  5.9
Dodging        | |  1.7
Stealth        | |  2.4

Action                   || total
-------------------------++-------
 Cast: Sting             ||     8
       Poisonous Vapours ||     1
 Abil: Dig               ||     1
Armor: Robe              ||     2
Dodge: Dodged            ||     7
